 Dungeon Crawl Stone Soup version 0.27-a0-909-g0721f30 (webtiles) character file.

Game seed: 1762678834444676844

24 Nithhogg the Skirmisher (level 2, 0/24 HPs)
             Began as a Demonspawn Fighter on Apr 8, 2021.
             Slain by a ball python (1 damage)
             ... on level 1 of the Dungeon.
             The game lasted 00:00:55 (452 turns).

Nithhogg the Skirmisher (Demonspawn Fighter)         Turns: 452, Time: 00:00:56

Health: 0/24       AC:  6    Str: 16    XL:     2   Next: 79%
Magic:  2/2        EV:  3    Int:  9    God:
Gold:   29         SH:  8    Dex: 12    Spells: 1/1 levels left

rFire    . . .     SeeInvis .   a - +0 long sword
rCold    . . .     Faith    .   c - +0 kite shield
rNeg     . . .     Spirit   .   b - +0 scale mail
rPois    .         Reflect  .   (helmet restricted)
rElec    .         Harm     .   (no cloak)
rCorr    .         Rampage  .   (no gloves)
Will     .....                  (no boots)
Stlth    ..........             (no amulet)
HPRegen  0.08/turn              (no ring)
MPRegen  0.08/turn              (no ring)

@: constricted
A: horns 1
a: no special abilities


You were on level 1 of the Dungeon.
You visited 1 branch of the dungeon, and saw 1 of its levels.

You collected 29 gold pieces.

Inventory:

Hand Weapons
 a - a +0 long sword (weapon)
Armour
 b - a +0 scale mail (worn)
 c - a +0 kite shield (worn)
Jewellery
 e - a ring of fire
Scrolls
 f - a scroll of enchant armour {unknown}
 g - a scroll of identify {unknown}
Potions
 d - a potion of might


   Skills:
 + Level 3.3 Fighting
 + Level 2.1 Long Blades
 + Level 3.0 Armour
 + Level 3.0 Shields


You had one spell level left.
You didn't know any spells.
Your spell library was empty.

Dungeon Overview and Level Annotations

Branches:
Dungeon (1/15)

Altars:


Innate Abilities, Weirdness & Mutations

You have a pair of small horns on your head.


Message History

The endoplasm freezes you.
You are frozen.
Your Shields skill increases to level 3!
You completely miss the endoplasm. You block the endoplasm's attack.
The endoplasm jiggles.
The endoplasm closely misses you.
You riposte.
You barely miss the endoplasm. You hit the endoplasm.
The endoplasm is moderately wounded.
A ball python comes into view.
The endoplasm freezes you.
You are frozen.
* * * LOW HITPOINT WARNING * * *
The ball python hisses angrily.
You hit the endoplasm.
You kill the endoplasm!
The rat barely misses you.
You riposte.
You hit the rat but do no damage.
Your Armour skill increases to level 3!
You hit the rat but do no damage. The rat bites you but does no damage.
You hit the rat but do no damage. The rat bites you but does no damage.
The rat bites you.
* * * LOW HITPOINT WARNING * * *
You barely miss the rat. You block the ball python's attack. x2
The rat bites you but does no damage.
The ball python bites you but does no damage.
The ball python barely misses you.
Your shield and scale mail prevent you from hitting the rat.
Your headbutt misses the rat. You block the ball python's attack.
The ball python barely misses you. The rat bites you but does no damage.
The rat barely misses you.
You riposte.
You closely miss the rat.
The ball python bites you but does no damage.
The ball python grabs you.
* * * LOW HITPOINT WARNING * * *
The ball python constricts you.
You closely miss the rat. The ball python bites you.
* * * LOW HITPOINT WARNING * * *
x2 The ball python constricts you.
The rat bites you but does no damage. You block the ball python's attack.
The ball python constricts you.
You hit the rat but do no damage. The rat barely misses you.
The ball python bites you but does no damage.
You die...

###.#######.......≈.#.'....'..#..
.............###.#≈.#<'....'.[#..
...........#.# #.# #.#.§§.#≈.#.≈
.........##..# #.#≈.#.#§§§§#≈.#.≈
...)....#.#..# #.#≈.#.#§≈§.#≈.#.≈
......##.#...# #.#≈.#.#§§§.#≈...≈
#....#.##....###.#≈8#.#.≈≈.#≈≈≈≈≈
.####.#.#......S.#≈.#############
# #.#.....###@#≈..8... #......#
#r#≈≈≈≈≈≈≈ ........# #r......#
.....(...# #..."...#
..##......##........#
.##.#.....##..........
.#.#....##........## .........#
###.......#


You could see a ball python and 2 rats.

Vanquished Creatures
  2 endoplasms (D:1)
  A goblin (D:1)
  A hobgoblin (D:1)
  12 jackals (D:1)
  A kobold (D:1)
  A ball python (D:1)
18 creatures vanquished.

Notes
Turn   | Place    | Note
-------+----------+-------------------------------------------
     0 | D:1      | Nithhogg the Demonspawn Fighter began the quest for the
                  | Orb.
     0 | D:1      | Reached XP level 1. HP: 18/18 MP: 1/1
    57 | D:1      | Gained mutation: You have a pair of small horns on your
                  | head. [demonic ancestry]
    57 | D:1      | Reached XP level 2. HP: 13/24 MP: 2/2
   451 | D:1      | HP: 1/24 [ball python (1)]
   452 | D:1      | Slain by a ball python

Illustrated notes

Levels and vault maps discovered:
D:1:      lightli_arrival_isolated_outpost, layout_loops_ring, minivault_23,
          minmay_misc_feat_secret_circle, chequers_hall_statues_corner_a

Skill      XL: |  1  2 |
---------------+-------+-----
Long Blades    | 2 |  2.1
Shields        | 3 |  3.0
Armour         | 3 |  3.0
Fighting       | |  3.3

Action                   || total
-------------------------++-------
Melee: Long sword        ||    68
       Headbutt          ||     6
Armor: Scale mail        ||    47
Dodge: Dodged            ||    33
Block: Kite shield       ||    47
       Rpst.: Long sword ||     7

Table legend: (Time is in decaauts)
 A = Elapsed time spent in this place.
 B = Non-inter-level travel time spent in this place.
 C = Inter-level travel time spent in this place.
 D = Time resting spent in this place.
 E = Time spent auto-exploring this place.
 F = Levels seen in this place.
 G = Mean time per level.
                   A        B        C        D        E       F      G
               +--------+--------+--------+--------+--------+-----+--------+
         Total |    488 |    488 |      0 |      0 |    351 |   1 |  488.0 |
       Dungeon |    488 |    488 |      0 |      0 |    351 |   1 |  488.0 |
               +--------+--------+--------+--------+--------+-----+--------+

Top non-repeatable levels by time:
     D:1: 488 daAuts
